[Event "Titled Tuesday Blitz May 16 Late 2023"]
[White "Osmonbekov, Talaibek"]
[Black "Winkels, Marcel"]
[WhiteFideId "2017253"]
[BlackFideId "1003887"]
[WhiteElo "2135"]
[BlackElo "1900"]
[Result "1-0"]
[Round "10"]
[TimeControl "180+2"]
[Date "2023.05.16"]
[WhiteClock "0:00:27"]
[BlackClock "0:00:00"]

1. d4 Nf6 2. Bf4 g6 3. Nc3 d5 4. e3 Bg7 5. h4 c5 6. Nf3 cxd4 7. exd4 Nc6 8. Qd2 Bf5 9. Ne5 Rc8 10. f3 Qb6 11. Nxc6 bxc6 12. g4 Bd7 13. Na4 Qd8 14. Ba6 c5 15. Nxc5 Rc6 16. Bd3 Rb6 17. c3 O-O 18. Nxd7 Nxd7 19. O-O e5 20. dxe5 Nxe5 21. Bg5 Bf6 22. Be3 Rb7 23. g5 Bg7 24. Rab1 Qd7 25. Kg2 f6 26. Be2 fxg5 27. hxg5 Qe6 28. Bd4 Re7 29. Rbe1 Qf5 30. f4 Ng4 31. Bd3 Qd7 32. Rxe7 Qxe7 33. Bxg7 Qxg7 34. Qe2 Qf7 35. Qxg4 Re8 36. f5 Re3 37. fxg6 Qe7 38. gxh7+ Kh8 39. Qf5 Re5 40. Qf8+ Qxf8 41. Rxf8+ 1-0


[Site "https://www.chess.com"]

[Event "Titled Tuesday Blitz May 16 Late 2023"]
[White "Stead, Kerry"]
[Black "Fuentes Godoy, Lilia Ivonne"]
[WhiteFideId "3202577"]
[BlackFideId "5104130"]
[WhiteElo "1997"]
[BlackElo "2096"]
[Result "1-0"]
[Round "10"]
[TimeControl "180+2"]
[Date "2023.05.16"]
[WhiteClock "0:00:05"]
[BlackClock "0:00:04"]

1. d4 d5 2. e4 dxe4 3. Nc3 Nf6 4. f3 exf3 5. Nxf3 e6 6. Bg5 Be7 7. Bd3 O-O 8. O-O Nc6 9. Ne2 Nd5 10. Qd2 f5 11. Rae1 Bf6 12. Bxf6 Qxf6 13. c3 Bd7 14. Ng3 Rae8 15. Ne5 Nxe5 16. Rxe5 g6 17. Rfe1 Ne7 18. Bc4 Nc6 19. R5e2 Kg7 20. Qf4 Re7 21. Qxc7 Rfe8 22. Qxb7 e5 23. dxe5 Nxe5 24. Rxe5 Rxe5 25. Rxe5 Qxe5 26. Qxd7+ Re7 27. Qd4 Qxd4+ 28. cxd4 Rc7 29. b3 Kf6 30. Kf2 Rd7 31. Ne2 g5 32. Ke3 Re7+ 33. Kd3 f4 34. d5 Re3+ 35. Kd2 Ke5 36. Nc3 Kd6 37. Nb5+ Kc5 38. Nxa7 h5 39. Nc8 Re8 40. Na7 Ra8 41. Nb5 Rxa2+ 42. Kc3 Rxg2 43. d6 Kc6 44. Bd5+ Kxd5 45. d7 Ke4 46. d8=Q Kf3 47. Nd4+ Kf2 48. Qf6 Rg1 49. Qf5 Ke3 50. Qe5+ Kf2 51. Qe2# 1-0


[Site "https://www.chess.com"]

[Event "Titled Tuesday Blitz May 16 Late 2023"]
[White "Joubert, Dantelle"]
[Black "Vargas, Mauricio"]
[WhiteFideId "14310813"]
[BlackFideId "4404572"]
[WhiteElo "1507"]
[BlackElo "1986"]
[Result "1-0"]
[Round "10"]
[TimeControl "180+2"]
[Date "2023.05.16"]
[WhiteClock "0:00:29"]
[BlackClock "0:00:00"]

1. d4 Nf6 2. c4 d6 3. Nc3 g6 4. e4 Bg7 5. Nf3 Nbd7 6. e5 dxe5 7. dxe5 Ng8 8. e6 fxe6 9. Ng5 Ndf6 10. Qxd8+ Kxd8 11. Nf7+ Ke8 12. Nxh8 Bxh8 13. Be2 c6 14. Bf4 Bg7 15. O-O-O Nh6 16. h3 Nf5 17. g4 Nd6 18. Bxd6 exd6 19. Rxd6 Ke7 20. Rhd1 e5 21. a3 Be6 22. g5 Ne8 23. Rxe6+ Kxe6 24. Bg4+ Ke7 25. Rd7+ Kf8 26. Ne4 Rb8 27. Be6 h6 28. Rf7+ Kg8 29. Rxb7+ Kh7 30. Rxb8 Nc7 31. Bg8+ Kh8 32. h4 Na6 33. Rc8 hxg5 34. Nxg5 Bh6 35. Kc2 Kg7 36. b4 Kf6 37. Rxc6+ Kg7 38. Bd5 Nb8 39. Rc7+ Kf8 40. Rc8+ Ke7 41. Rxb8 e4 42. Rb7+ Kd6 43. Nxe4+ Ke5 44. Kd3 Bc1 45. Re7+ Kf4 46. Rf7+ Kg4 47. Rh7 Bxa3 48. b5 Bb4 49. c5 Be1 50. c6 Bb4 51. c7 Ba5 52. c8=Q+ 1-0


[Site "https://www.chess.com"]

[Event "Titled Tuesday Blitz May 16 Late 2023"]
[White "Escalante Ramirez, Rafael"]
[Black "Tarnowska, Aleksandra"]
[WhiteFideId "3900177"]
[BlackFideId "1180967"]
[WhiteElo "2219"]
[BlackElo "1776"]
[Result "0-1"]
[Round "10"]
[TimeControl "180+2"]
[Date "2023.05.16"]
[WhiteClock "0:00:00"]
[BlackClock "0:00:06"]

1. Nf3 d5 2. d4 Nf6 3. c4 e6 4. Nc3 Be7 5. cxd5 exd5 6. Bg5 O-O 7. e3 h6 8. Bh4 Nbd7 9. Bd3 c6 10. Qc2 Re8 11. O-O Ne4 12. Bxe4 Bxh4 13. Bh7+ Kh8 14. Bd3 Be7 15. Rab1 Bd6 16. b4 a6 17. a4 Nf6 18. b5 axb5 19. axb5 Bg4 20. Nd2 Bd7 21. bxc6 bxc6 22. Ra1 Qe7 23. Na4 Rf8 24. Nb6 Rxa1 25. Rxa1 Rb8 26. Nxd7 Qxd7 27. Bf5 Qb7 28. Rc1 g6 29. Bh3 Qb2 30. g3 Kg7 31. Nf3 Ba3 32. Qxb2 Rxb2 33. Ra1 Bb4 34. Ne5 Ne4 35. Nd3 Rb3 36. Nxb4 Rxb4 37. Ra2 Ng5 38. Bg2 Rb1+ 39. Bf1 Nf3+ 40. Kg2 Ne1+ 41. Kh3 Nf3 42. Bg2 Ng5+ 43. Kg4 Kf6 44. h4 h5+ 45. Kf4 Ne6+ 46. Kf3 Rc1 47. Ra6 Ng7 48. Bh3 Ne8 49. Bd7 Nd6 50. Rxc6 Rxc6 51. Bxc6 Ke6 52. Ba4 Nf5 53. Bc2 Nd6 54. Kf4 Nc4 55. Bd1 Nd2 56. Be2 Ne4 57. f3 Nc3 58. e4 Nxe2+ 59. Ke3 Nc3 60. e5 Nb5 61. f4 Nc7 62. Kd3 f6 63. Ke3 fxe5 64. dxe5 Nb5 65. Kd3 d4 0-1


[Site "https://www.chess.com"]

[Event "Titled Tuesday Blitz May 16 Late 2023"]
[White "Gu, Ethan"]
[Black "Manu_ChessExcelsior"]
[WhiteFideId "30909236"]
[WhiteElo "2231"]
[BlackElo "2051"]
[Result "1-0"]
[Round "10"]
[TimeControl "180+2"]
[Date "2023.05.16"]
[WhiteClock "0:00:18"]
[BlackClock "0:00:23"]

1. e4 c5 2. Nf3 Nc6 3. d4 cxd4 4. Nxd4 Nf6 5. Nc3 e5 6. Ndb5 d6 7. Bg5 a6 8. Na3 b5 9. Bxf6 gxf6 10. Nd5 Bg7 11. c3 Ne7 12. c4 Bb7 13. Be2 O-O 14. O-O f5 15. Nxe7+ Qxe7 16. exf5 b4 17. Nc2 a5 18. Ne3 e4 19. Nd5 Qg5 20. b3 Bxa1 21. Qxa1 Bxd5 22. cxd5 Qxf5 23. Bc4 Rfe8 24. Qd4 Re5 25. Qb6 Qf6 26. Qc6 Rf8 27. Qb6 Qd8 28. Qe3 Kh8 29. Re1 Rg8 30. g3 f5 31. Qh6 Rg6 32. Qe3 Qf8 33. Qd4 f4 34. Rxe4 Qg7 35. Rxf4 Re1+ 36. Kg2 Qxd4 37. Rxd4 Ra1 38. f4 Rxa2+ 39. Kf3 Rg8 40. h4 Re8 41. Re4 Rc8 42. Re6 a4 43. Rxd6 Rxc4 44. bxc4 b3 45. Rb6 b2 46. d6 a3 47. d7 b1=Q 48. d8=Q+ Kg7 49. Rxb1 1-0


[Site "https://www.chess.com"]

[Event "Titled Tuesday Blitz May 16 Late 2023"]
[White "Sanchez, Robert"]
[Black "Dmitriev, Sergey"]
[WhiteFideId "2034360"]
[BlackFideId "14101785"]
[WhiteElo "1853"]
[BlackElo "2132"]
[Result "0-1"]
[Round "10"]
[TimeControl "180+2"]
[Date "2023.05.16"]
[WhiteClock "0:02:44"]
[BlackClock "0:01:56"]

1. e4 d6 2. d4 g6 3. Nc3 Bg7 4. Be3 Nf6 5. f3 O-O 6. Qd2 Nc6 7. O-O-O e5 8. d5 Ne7 9. g4 Nd7 10. h4 f5 11. gxf5 gxf5 12. Kb1 f4 13. Bf2 h5 14. Nh3 Nf6 15. Ng5 a6 16. Bh3 Bxh3 17. Rxh3 Qd7 18. Ne6 Rf7 19. Rg1 Nc8 20. Rh2 Kh8 21. Rhg2 Bh6 22. Rg6 Kh7 0-1


[Site "https://www.chess.com"]

[Event "Titled Tuesday Blitz May 16 Late 2023"]
[White "Bortnyk, Olexandr"]
[Black "Samsonkin, Artiom"]
[WhiteFideId "14120828"]
[BlackFideId "13503111"]
[WhiteElo "2734"]
[BlackElo "2524"]
[Result "1-0"]
[Round "11"]
[TimeControl "180+2"]
[Date "2023.05.16"]
[WhiteClock "0:00:10"]
[BlackClock "0:00:00"]

1. d4 Nf6 2. Nc3 e6 3. e4 d5 4. Bg5 dxe4 5. Nxe4 Bd7 6. Nf3 Bc6 7. Bd3 Nbd7 8. Ned2 h6 9. Bh4 Be7 10. c4 Bxf3 11. Nxf3 c5 12. O-O O-O 13. Qe2 cxd4 14. Nxd4 Nc5 15. Rad1 Nxd3 16. Rxd3 Qc7 17. b3 Rad8 18. Rfd1 a6 19. a4 Qf4 20. Bg3 Qe4 21. Re3 Qg4 22. Qxg4 Nxg4 23. Red3 Nf6 24. f3 Nh5 25. Kf1 Nxg3+ 26. hxg3 Bf6 27. Ke2 Rd7 28. Nc2 Rxd3 29. Rxd3 Rd8 30. Rxd8+ Bxd8 31. c5 Kf8 32. Kd3 h5 33. b4 Ke7 34. Ne3 Kd7 35. g4 hxg4 36. Nxg4 Bc7 37. Kc4 f5 38. Ne3 g5 39. g4 Bf4 40. Nc2 Be5 41. b5 axb5+ 42. axb5 Bf4 43. Nb4 Bd2 44. Nd3 Be3 45. Ne5+ Kc7 46. b6+ Kc8 47. Kb5 Bd4 48. Nf7 fxg4 49. fxg4 e5 50. Nxg5 Kd7 51. Ne4 Be3 52. Kc4 1-0


[Site "https://www.chess.com"]

[Event "Titled Tuesday Blitz May 16 Late 2023"]
[White "Bluebaum, Matthias"]
[Black "Hakobyan, Aram"]
[WhiteFideId "24651516"]
[BlackFideId "13306677"]
[WhiteElo "2639"]
[BlackElo "2584"]
[Result "1/2-1/2"]
[Round "11"]
[TimeControl "180+2"]
[Date "2023.05.16"]
[WhiteClock "0:01:21"]
[BlackClock "0:00:49"]

1. d4 Nf6 2. c4 e6 3. Nc3 Bb4 4. e3 Bxc3+ 5. bxc3 c5 6. Bd3 d6 7. Ne2 Nc6 8. e4 e5 9. O-O O-O 10. f4 cxd4 11. cxd4 exd4 12. Bb2 Bg4 13. h3 Bxe2 14. Qxe2 Re8 15. Qf3 Nd7 16. Rad1 Nc5 17. Bb1 Rc8 18. Kh2 Qb6 19. Ba1 Nd7 20. Qf2 Nf8 21. Bxd4 Nxd4 22. Qxd4 Qxd4 23. Rxd4 Rc6 24. Rfd1 Ne6 25. Rxd6 Rxd6 26. Rxd6 Nxf4 27. Rd7 Rb8 28. e5 Ne6 29. Bf5 Nc5 30. Rc7 Na6 31. Rd7 Nc5 32. Rc7 Na6 33. Rd7 g6 34. Bg4 Nc5 35. Rc7 Na6 36. Rd7 Nc5 37. Rc7 Na6 38. Rd7 1/2-1/2


[Site "https://www.chess.com"]

[Event "Titled Tuesday Blitz May 16 Late 2023"]
[White "Naroditsky, Daniel"]
[Black "Iturrizaga Bonelli, Eduardo"]
[WhiteFideId "2026961"]
[BlackFideId "3901211"]
[WhiteElo "2633"]
[BlackElo "2637"]
[Result "1-0"]
[Round "11"]
[TimeControl "180+2"]
[Date "2023.05.16"]
[WhiteClock "0:00:14"]
[BlackClock "0:00:00"]

1. e4 c5 2. c3 Nf6 3. e5 Nd5 4. Nf3 Nc6 5. Bc4 Nb6 6. Bb3 d5 7. exd6 Qxd6 8. O-O Be6 9. Bxe6 Qxe6 10. a4 Qd6 11. a5 Nd5 12. a6 b6 13. d4 cxd4 14. Nxd4 e6 15. Qa4 Rc8 16. Rd1 Qd7 17. Nb5 Qe7 18. Nd2 f6 19. Nc4 Qd7 20. Ne3 Qf7 21. Nxd5 exd5 22. Re1+ Kd8 23. Bf4 Bc5 24. Rad1 Re8 25. Rxe8+ Kxe8 26. Bd6 Qd7 27. Rxd5 Kf7 28. Qc4 Qe6 29. Bxc5 Ne5 30. Nd6+ Kg8 31. Qe4 Rxc5 32. Rxc5 Qxd6 33. Qd5+ 1-0


[Site "https://www.chess.com"]

[Event "Titled Tuesday Blitz May 16 Late 2023"]
[White "Andreikin, Dmitry"]
[Black "Mahdavi, Reza"]
[WhiteFideId "4158814"]
[BlackFideId "12595926"]
[WhiteElo "2736"]
[BlackElo "2352"]
[Result "1-0"]
[Round "11"]
[TimeControl "180+2"]
[Date "2023.05.16"]
[WhiteClock "0:00:03"]
[BlackClock "0:00:00"]

1. Nf3 Nf6 2. c4 g6 3. b4 Bg7 4. Bb2 O-O 5. g3 d6 6. Bg2 c5 7. bxc5 dxc5 8. O-O Nc6 9. Ne5 Nd4 10. Nc3 Qc7 11. f4 Rd8 12. Rb1 Bf5 13. d3 Ng4 14. Nd5 Rxd5 15. Bxd5 Bxe5 16. fxe5 Qxe5 17. e4 Ne3 18. Rxf5 gxf5 19. Qh5 Nxd5 20. cxd5 e6 21. Kg2 exd5 22. Bxd4 Qxd4 23. Rxb7 Rf8 24. exf5 Qxd3 25. Qg5+ Kh8 26. Qf6+ Kg8 27. Qg5+ Kh8 28. Rxa7 c4 29. Qf6+ Kg8 30. Qg5+ Kh8 31. Kh3 Qf1+ 32. Kh4 Qf2 33. Qf6+ Kg8 34. Qg5+ Kh8 35. f6 Qxh2+ 36. Kg4 Qe2+ 37. Kh3 Qf1+ 38. Kh2 Qf2+ 39. Kh3 Qf1+ 40. Kg4 Qe2+ 41. Kh4 Qe4+ 42. Kh3 Qh1+ 43. Kg4 Qe4+ 44. Kh3 Qg6 45. Qxd5 Qxf6 46. Qxc4 Qf5+ 47. Kg2 Rd8 48. Qc3+ Kg8 49. Ra5 Qe4+ 50. Kh2 Qe2+ 51. Kh3 Qf1+ 52. Kg4 Qe2+ 53. Kh3 Qe6+ 54. g4 Qe2 55. Rg5+ Kf8 56. Qc5+ Ke8 57. Re5+ 1-0


[Site "https://www.chess.com"]

[Event "Titled Tuesday Blitz May 16 Late 2023"]
[White "Martinez Alcantara, Jose Eduardo"]
[Black "Remizov, Yaroslav"]
[WhiteFideId "3805662"]
[BlackFideId "34134015"]
[WhiteElo "2711"]
[BlackElo "2400"]
[Result "0-1"]
[Round "11"]
[TimeControl "180+2"]
[Date "2023.05.16"]
[WhiteClock "0:00:00"]
[BlackClock "0:00:09"]

1. e4 c5 2. Nf3 e6 3. c3 Nf6 4. Bd3 d5 5. e5 Nfd7 6. Bc2 d4 7. Qe2 Nc6 8. d3 b5 9. Bf4 Bb7 10. Nbd2 Nb6 11. Ne4 dxc3 12. bxc3 b4 13. c4 Nd4 14. Nxd4 Qxd4 15. O-O Be7 16. Be3 Qxe5 17. f4 Qc7 18. f5 Bxe4 19. dxe4 e5 20. Rf3 O-O-O 21. a3 Kb8 22. g3 Rd7 23. Kg2 Rhd8 24. h4 Qc6 25. Kh3 b3 26. Bxb3 Qxe4 27. Re1 h5 28. Kh2 Qg4 29. a4 Rd3 30. Ba2 Ra3 31. Bb1 Qxc4 32. Qb2 Rb3 33. Qxe5+ Bd6 34. Qxg7 Qxh4+ 35. Kg2 Qg4 36. Qf6 Bc7 37. Qc6 Nd5 38. Qxc5 Bb6 39. Qc6 Nxe3+ 0-1


[Site "https://www.chess.com"]

[Event "Titled Tuesday Blitz May 16 Late 2023"]
[White "Sarana, Alexey"]
[Black "Caruana, Fabiano"]
[WhiteFideId "24133795"]
[BlackFideId "2020009"]
[WhiteElo "2714"]
[BlackElo "2837"]
[Result "0-1"]
[Round "11"]
[TimeControl "180+2"]
[Date "2023.05.16"]
[WhiteClock "0:00:00"]
[BlackClock "0:00:07"]

1. d4 Nf6 2. c4 e6 3. Nc3 Bb4 4. Qc2 O-O 5. a3 Bxc3+ 6. Qxc3 d6 7. Bg5 h6 8. Bh4 Re8 9. f3 e5 10. dxe5 dxe5 11. e3 a5 12. Ne2 a4 13. g4 Na6 14. Rd1 Qe7 15. Rg1 Nc5 16. h3 Ra6 17. Bf2 e4 18. Bg2 exf3 19. Bxf3 Nfe4 20. Qc1 Nb3 21. Qc2 Nxf2 22. Kxf2 Qxe3+ 23. Kg2 h5 24. Ng3 Rf6 25. Rgf1 h4 26. Nh5 Rfe6 27. Bd5 Qe2+ 28. Qxe2 Rxe2+ 29. Kg1 R2e7 30. Rf4 c6 31. Bg2 Re1+ 32. Rxe1 Rxe1+ 33. Kh2 Be6 34. g5 Re2 35. Rxh4 Nd2 36. Kg1 Re1+ 37. Kf2 Rb1 38. Rd4 Rxb2 39. Kg3 Kh7 40. Nf4 Bf5 41. h4 b5 42. cxb5 cxb5 43. Bd5 b4 44. axb4 a3 45. Be6 fxe6 46. h5 Kg8 47. Rd8+ Kf7 48. Rd7+ Kf8 49. g6 e5 50. Nd5 Bxd7 51. h6 gxh6 0-1


[Site "https://www.chess.com"]

[Event "Titled Tuesday Blitz May 16 Late 2023"]
[White "Mihajlov, Sebastian"]
[Black "Zhigalko, Sergei"]
[WhiteFideId "1512110"]
[BlackFideId "13502956"]
[WhiteElo "2478"]
[BlackElo "2626"]
[Result "0-1"]
[Round "11"]
[TimeControl "180+2"]
[Date "2023.05.16"]
[WhiteClock "0:00:15"]
[BlackClock "0:00:21"]

1. e4 c5 2. Nf3 Nc6 3. d4 cxd4 4. Nxd4 Nf6 5. Nc3 e5 6. Ndb5 d6 7. Bg5 a6 8. Na3 b5 9. Nd5 Be7 10. Bxf6 Bxf6 11. c3 Bg5 12. Nc2 Ne7 13. h4 Bh6 14. a4 bxa4 15. Ncb4 O-O 16. Nxe7+ Qxe7 17. Nd5 Qb7 18. Bc4 Bd7 19. O-O Kh8 20. Nb4 Qb6 21. Qe2 a5 22. Nd5 Qd8 23. g3 g6 24. h5 Rb8 25. Kg2 Kg7 26. Rh1 Qg5 27. Ne3 f5 28. hxg6 f4 29. Nf5+ Rxf5 30. exf5 Bc6+ 31. Kg1 fxg3 32. f3 Rxb2 33. Qxb2 Qe3+ 34. Kg2 Qxf3+ 35. Kg1 Qxh1# 0-1


[Site "https://www.chess.com"]

[Event "Titled Tuesday Blitz May 16 Late 2023"]
[White "Pap, Gyula"]
[Black "Rastbod, Ali"]
[WhiteFideId "725323"]
[BlackFideId "12567477"]
[WhiteElo "2519"]
[BlackElo "2274"]
[Result "1-0"]
[Round "11"]
[TimeControl "180+2"]
[Date "2023.05.16"]
[WhiteClock "0:00:26"]
[BlackClock "0:00:00"]

1. Nf3 d5 2. g3 Nd7 3. Bg2 e5 4. O-O Ngf6 5. d4 e4 6. Ne5 Bd6 7. Nxd7 Bxd7 8. c4 c6 9. cxd5 cxd5 10. Nc3 h6 11. Qb3 Bc6 12. f3 exf3 13. Bxf3 Bc7 14. Nb5 Bb6 15. Bf4 O-O 16. e3 Re8 17. Nd6 Re6 18. Nf5 Ne4 19. Qc2 Rc8 20. Qg2 Bb5 21. Rfc1 Rec6 22. Rxc6 Bxc6 23. g4 Ng5 24. Be2 Ne6 25. Bg3 Bc7 26. h4 Bxg3 27. Qxg3 Qc7 28. Qxc7 Rxc7 29. Rc1 Kf8 30. Kf2 Bd7 31. Rc3 Rxc3 32. bxc3 Nc7 33. Ng3 Bb5 34. Bd1 Bc4 35. Bb3 Nb5 36. Bxc4 dxc4 37. Ne2 Ke7 38. e4 Kd6 39. Ke3 Na3 40. e5+ Kc6 41. Ke4 b5 42. d5+ Kc5 43. Nd4 Nb1 44. Ne2 a5 45. d6 b4 46. d7 1-0


[Site "https://www.chess.com"]

[Event "Titled Tuesday Blitz May 16 Late 2023"]
[White "Grigoriants, Sergey"]
[Black "benny_aizenberg"]
[WhiteFideId "4130804"]
[WhiteElo "2502"]
[BlackElo "2707"]
[Result "1-0"]
[Round "11"]
[TimeControl "180+2"]
[Date "2023.05.16"]
[WhiteClock "0:00:04"]
[BlackClock "0:00:00"]

1. d4 f5 2. g3 Nf6 3. Bg2 g6 4. Nd2 Bg7 5. e4 fxe4 6. Nxe4 Nxe4 7. Bxe4 O-O 8. Bg2 d6 9. Nf3 Nc6 10. d5 Ne5 11. Nxe5 Bxe5 12. O-O Bf5 13. c3 Qd7 14. Re1 Rae8 15. Bh6 Bg7 16. Bxg7 Kxg7 17. Qd4+ Kg8 18. Qxa7 b6 19. Qa6 Bh3 20. Qe2 Bxg2 21. Kxg2 c6 22. Qe4 cxd5 23. Qxd5+ Kg7 24. Re2 Qc7 25. Rae1 Rf5 26. Qe6 Kf8 27. Kg1 Qc5 28. Re3 Rf7 29. Rd1 Ra8 30. a3 Qb5 31. Rd2 Qc6 32. Qd5 Qc8 33. Qd4 Kg8 34. Qxb6 Qf5 35. Qd4 Qb1+ 36. Kg2 Raf8 37. Ree2 Qf5 38. Qe4 Qb5 39. a4 Qb6 40. b4 Qc7 41. c4 Qb6 42. b5 e5 43. Qd5 Kg7 44. h4 Rf6 45. c5 dxc5 46. Rxe5 c4 47. Re7+ Kh8 48. Ree2 c3 49. Rc2 Qa7 50. Qe5 Kg8 51. Qxc3 Qa8+ 52. Kg1 Rd6 53. a5 Rd1+ 54. Re1 Rf3 55. Rxd1 Rxc3 56. Rxc3 Qxa5 57. Rb3 Qa4 58. Rdb1 Qa7 59. b6 Qb7 60. Rc3 Qe4 61. Rbb3 Qe1+ 62. Kg2 Qe4+ 63. Kh2 Qe1 64. Rf3 Qe5 65. b7 Qb8 66. Rfc3 Qa7 67. Rc8+ Kg7 68. Kg2 Qa5 69. b8=Q Qd5+ 70. Kh2 Kh6 71. Qb7 Qd2 72. Rf8 Qe2 73. Qf3 Qe6 74. Qf4+ Kg7 75. Rb7+ 1-0


[Site "https://www.chess.com"]

[Event "Titled Tuesday Blitz May 16 Late 2023"]
[White "Mirimanian, Hayk"]
[Black "Kramnik, Vladimir"]
[WhiteFideId "4700180"]
[BlackFideId "4101588"]
[WhiteElo "2280"]
[BlackElo "2703"]
[Result "0-1"]
[Round "11"]
[TimeControl "180+2"]
[Date "2023.05.16"]
[WhiteClock "0:00:05"]
[BlackClock "0:00:05"]

1. e4 c5 2. Nf3 d6 3. Bb5+ Nd7 4. O-O Nf6 5. Re1 a6 6. Bxd7+ Bxd7 7. c3 e6 8. d4 Be7 9. Bg5 O-O 10. dxc5 dxc5 11. e5 Nd5 12. Bxe7 Nxe7 13. Nbd2 Bc6 14. Qe2 Qc7 15. Ne4 Bxe4 16. Qxe4 h6 17. Rad1 Rad8 18. h4 b5 19. h5 Rd7 20. a4 Rfd8 21. Rxd7 Qxd7 22. axb5 Qxb5 23. Qc2 Nc6 24. Ra1 a5 25. Qa4 Qxb2 26. Ra2 Qb1+ 27. Kh2 Ne7 28. Qxa5 Rd1 29. Qa8+ Kh7 30. Rd2 Rh1+ 31. Kg3 Nf5+ 32. Kf4 Qc1 33. Qd8 Rd1 34. g4 Nd4 35. cxd4 Rxd2 36. Nxd2 Qxd2+ 37. Ke4 Qe2+ 38. Kf4 c4 39. g5 Qd2+ 40. Ke4 hxg5 41. Qe8 Qd3# 0-1


[Site "https://www.chess.com"]

[Event "Titled Tuesday Blitz May 16 Late 2023"]
[White "Makarian, Rudik"]
[Black "Sviridov, Valery"]
[WhiteFideId "44105681"]
[BlackFideId "4120680"]
[WhiteElo "2461"]
[BlackElo "2457"]
[Result "1-0"]
[Round "11"]
[TimeControl "180+2"]
[Date "2023.05.16"]
[WhiteClock "0:00:02"]
[BlackClock "0:00:15"]

1. d4 g6 2. c4 Bg7 3. Nf3 d6 4. Nc3 e5 5. dxe5 dxe5 6. Qxd8+ Kxd8 7. g3 Be6 8. Ng5 Bxc4 9. b3 h6 10. Nge4 Be6 11. Nc5 Bc8 12. Ba3 Nd7 13. O-O-O Nf6 14. Bh3 Bf8 15. Kc2 c6 16. N3e4 Kc7 17. Nxd7 Nxd7 18. Nd6 f5 19. e4 Nf6 20. f4 exf4 21. Bb2 Bxd6 22. e5 Bc5 23. exf6 Be6 24. Rhe1 Rhe8 25. gxf4 Bd5 26. Be5+ Kb6 27. Kc3 a5 28. Kc2 a4 29. b4 Bf8 30. Kc3 a3 31. Bd4+ Kc7 32. Be5+ Kb6 33. Bd4+ Kb5 34. Bf1+ Ka4 35. Bc5 Bxc5 36. bxc5 Bxa2 37. Rd4+ Ka5 38. Ra1 Re3+ 39. Kd2 Rae8 40. Rxa2 Rb3 41. Kc2 Rf3 42. Bd3 Rf2+ 43. Kb3 Rxa2 44. Ra4# 1-0


[Site "https://www.chess.com"]

[Event "Titled Tuesday Blitz May 16 Late 2023"]
[White "Grinev, Valeriy"]
[Black "Lazavik, Denis"]
[WhiteFideId "14117517"]
[BlackFideId "13515110"]
[WhiteElo "2366"]
[BlackElo "2560"]
[Result "0-1"]
[Round "11"]
[TimeControl "180+2"]
[Date "2023.05.16"]
[WhiteClock "0:01:07"]
[BlackClock "0:01:26"]

1. d4 Nf6 2. c4 e6 3. Nc3 Bb4 4. e3 O-O 5. Bd2 b6 6. Nf3 d5 7. cxd5 exd5 8. Rc1 Re8 9. Bd3 Ba6 10. Bxa6 Nxa6 11. O-O Qc8 12. Nb5 Bf8 13. Qa4 Qb7 14. Ne5 c5 15. b3 Ne4 16. Rfd1 f6 17. Nd3 cxd4 18. Nxd4 Nac5 19. Nxc5 bxc5 20. Nf3 Rac8 21. Be1 Red8 22. Nd2 Ng5 23. Nb1 Ne6 24. Ba5 Rd6 25. Nc3 d4 26. Nb5 Rd7 27. Qc4 Qd5 28. Qxd5 Rxd5 29. exd4 a6 30. Na7 Ra8 31. Nc6 cxd4 32. Nb4 Rxa5 0-1


[Site "https://www.chess.com"]

[Event "Titled Tuesday Blitz May 16 Late 2023"]
[White "Sieciechowicz, Marcin"]
[Black "Durarbayli, Vasif"]
[WhiteFideId "1130170"]
[BlackFideId "13402935"]
[WhiteElo "2302"]
[BlackElo "2551"]
[Result "0-1"]
[Round "11"]
[TimeControl "180+2"]
[Date "2023.05.16"]
[WhiteClock "0:00:00"]
[BlackClock "0:00:13"]

1. d4 Nf6 2. c4 e6 3. Nc3 Bb4 4. Qc2 O-O 5. Nf3 d6 6. Bd2 Nc6 7. a3 Bxc3 8. Bxc3 Qe7 9. e4 e5 10. d5 Nb8 11. Bd3 Bg4 12. Nd2 Nbd7 13. b4 a5 14. O-O axb4 15. axb4 Rab8 16. Nb3 Bh5 17. c5 Bg6 18. f3 Nh5 19. g3 Qg5 20. Kh1 Rfc8 21. Bd2 Qe7 22. Be3 c6 23. dxc6 bxc6 24. cxd6 Qxd6 25. Nc5 Rxb4 26. Ba6 Ra8 27. Rad1 Rd4 28. Bxd4 exd4 29. Bb7 Rd8 30. Nxd7 Qxd7 31. Qxc6 Nxg3+ 32. hxg3 Qh3+ 33. Kg1 Qxg3+ 34. Kh1 Bh5 35. e5 Qh3+ 36. Kg1 Qg3+ 37. Kh1 h6 38. Qe4 Qh3+ 39. Kg1 Qg3+ 40. Kh1 Rb8 41. Bd5 Qh3+ 42. Kg1 Qg3+ 43. Kh1 Rb2 44. Bxf7+ Bxf7 0-1


[Site "https://www.chess.com"]

[Event "Titled Tuesday Blitz May 16 Late 2023"]
[White "Smirnov, Pavel"]
[Black "Xiong, Jeffery"]
[WhiteFideId "4123425"]
[BlackFideId "2047640"]
[WhiteElo "2520"]
[BlackElo "2726"]
[Result "0-1"]
[Round "11"]
[TimeControl "180+2"]
[Date "2023.05.16"]
[WhiteClock "0:00:49"]
[BlackClock "0:02:06"]

1. d4 d5 2. c4 e6 3. Nf3 Nf6 4. g3 Bb4+ 5. Bd2 Be7 6. Bg2 O-O 7. O-O a5 8. Qc2 c6 9. Bf4 Nh5 10. Bc1 Nf6 11. Nbd2 b5 12. cxb5 cxb5 13. e4 Bb7 14. e5 Nfd7 15. h4 Nc6 16. a3 Qb6 17. Qd3 b4 18. Rd1 h6 19. Nf1 Ba6 20. Qe3 Qb5 21. Re1 Qd3 22. Qf4 Nb6 23. N1h2 Qh7 24. g4 Bd3 25. h5 bxa3 26. bxa3 Nc4 27. Qg3 Be4 28. g5 hxg5 29. Nxg5 Bxg5 30. Qxg5 Nxd4 31. Ng4 Kh8 32. h6 Rg8 33. Nf6 Nf3+ 34. Bxf3 gxf6 0-1


[Site "https://www.chess.com"]

[Event "Titled Tuesday Blitz May 16 Late 2023"]
[White "Domingo Nunez, Ruben"]
[Black "Mekhitarian, Krikor Sevag"]
[WhiteFideId "22245570"]
[BlackFideId "2107660"]
[WhiteElo "2404"]
[BlackElo "2604"]
[Result "1-0"]
[Round "11"]
[TimeControl "180+2"]
[Date "2023.05.16"]
[WhiteClock "0:00:34"]
[BlackClock "0:00:02"]

1. c4 c5 2. Nf3 Nc6 3. g3 g6 4. Bg2 Bg7 5. O-O d6 6. Nc3 e5 7. Rb1 Nge7 8. a3 a5 9. d3 O-O 10. Ne1 Be6 11. Nc2 d5 12. b3 d4 13. Nb5 Qd7 14. b4 cxb4 15. axb4 a4 16. Ba3 h5 17. h4 Bg4 18. Bc1 Bh3 19. Nba3 Bxg2 20. Kxg2 f5 21. Bg5 Nc8 22. b5 Na5 23. Nb4 Nb3 24. Nd5 Kh7 25. Rxb3 axb3 26. Qxb3 Qd6 27. Nc2 Rf7 28. Rc1 Nb6 29. Qb4 Qxb4 30. Ncxb4 Nxd5 31. Nxd5 Bf8 32. c5 Rc8 33. c6 bxc6 34. Rxc6 Rxc6 35. bxc6 Bd6 36. Bd8 e4 37. c7 Bxc7 38. Bxc7 exd3 39. exd3 Rf8 40. Be5 Rd8 41. Nf4 Re8 42. Bxd4 Rd8 43. Bf6 Rd6 44. Be5 Ra6 45. d4 Kg8 46. d5 Kf7 47. d6 Ra5 48. Bc3 Rc5 49. d7 1-0


[Site "https://www.chess.com"]

[Event "Titled Tuesday Blitz May 16 Late 2023"]
[White "Denishev, Marat"]
[Black "Krzyzanowski, Marcin"]
[WhiteFideId "24131563"]
[BlackFideId "1132199"]
[WhiteElo "2311"]
[BlackElo "2471"]
[Result "0-1"]
[Round "11"]
[TimeControl "180+2"]
[Date "2023.05.16"]
[WhiteClock "0:00:08"]
[BlackClock "0:00:04"]

1. d4 Nf6 2. Nc3 d5 3. Bf4 e6 4. Nb5 Bb4+ 5. c3 Ba5 6. b4 Bb6 7. a4 a6 8. a5 axb5 9. axb6 Rxa1 10. Qxa1 Na6 11. bxc7 Qd7 12. e3 O-O 13. Nf3 Nxc7 14. Ne5 Qe7 15. Bd3 Nfe8 16. O-O Nd6 17. Qb1 g6 18. Bxg6 fxg6 19. Nxg6 hxg6 20. Qxg6+ Qg7 21. Qxg7+ Kxg7 22. Bxd6 Rf7 23. f4 Ne8 24. Be5+ Kg6 25. Ra1 Nf6 26. Ra8 Bd7 27. g4 Rh7 28. Rd8 Nxg4 29. Rg8+ Kh5 30. Rg5+ Kh4 31. Bc7 Kh3 32. Bd8 Be8 33. f5 exf5 34. Rxf5 Nh6 35. Rg5 Ng4 36. Rf5 Nxh2 37. Rxd5 Rg7+ 38. Kf2 Rg2+ 39. Ke1 Bf7 40. Rf5 Bg6 41. Rf6 Be4 42. Bc7 Nf3+ 43. Kd1 Rd2+ 44. Kc1 Rc2+ 45. Kd1 Rxc3 46. Rh6+ Kg2 47. Bf4 Kf2 48. d5 Rd3+ 49. Kc2 Rxd5+ 50. Kb3 Rd3+ 51. Kb2 Ke2 52. Rh8 Rd2+ 53. Kb3 Rd3+ 54. Kb2 Bd5 55. Rd8 Bc4 56. Rc8 Rb3+ 57. Kc2 Rxb4 58. Kc3 Rb3+ 59. Kc2 Rd3 60. e4 Nd4+ 61. Kc1 Kf3 62. Bb8 Kxe4 63. Re8+ Kf3 64. Rh8 b4 65. Rh3+ Ke4 66. Rh4+ Kd5 67. Ba7 Nb3+ 68. Kc2 Nd4+ 69. Kc1 Rc3+ 70. Kb2 Rb3+ 71. Kc1 Ne2+ 72. Kd2 Rb2+ 73. Kd1 Bb5 74. Rh5+ Kc6 75. Rc5+ Kd6 76. Rxb5 Nc3+ 77. Kc1 Nxb5 78. Kxb2 Nxa7 79. Kb3 Nc6 80. Kc4 b5+ 81. Kb3 Kc5 0-1


[Site "https://www.chess.com"]